cohdb
Replays
Latest Replays
All Replays
Popular Replays
Top Player Replays
Match Explorer
How It Works
Community
CoH3 Stats
Reddit
Sign in to upload your games and track your stats! →
Sign in with Steam
Match 42999899
Unlisted
Match 42999899
Overview
Messages
Build Orders
End
Construct Barracks
Selects Airborne Battlegroup
Selects Heavy Machine Gun Paradrop
Heavy Machine Gun Paradrop
1⁄4-ton 4x4 Truck
Riflemen Squad
Selects Paratrooper Squad Paradrop
Grenade Package
Engineer Squad
Mechanized Support Center
Paratrooper Squad Paradrop
Paratrooper Squad Paradrop
Selects Anti-tank Gun Team Paradrop
Selects Smoke Bombing Run
Smoke Bombing Run
Selects Supply Drop
Construct Tank Depot
Anti-tank Gun Team Paradrop
Supply Drop
Paratrooper Squad Paradrop
Supply Drop
Smoke Bombing Run
Supply Drop
M4A1 Sherman Medium Tank
M4A1 76mm Conversion
Selects Carpet Bombing Run
Carpet Bombing Run
Etgo
Hk
Jarkke
LuckyStrikeMan_Return
BUY BKB ON CORES NOOBS
pejgamber
0
0
Comments
sign in to comment!
No comments posted yet!